Map: [ESL] Hecate

Players

Nanami - Winner!

  • Race: Protoss Protoss
  • Spawn Location: 7:00

XYXY (XY)

  • Race: Terran Terran
  • Spawn Location: 1:00

Event: ESL SC2 Masters 2023 Winter (Regional)

VOD

Have the link to the VOD?

Description

Time

  • Played on: Nov. 5, 2023, 6:39 a.m.
  • Length: 7:05

All games in this series

Show
View Real Time Build Order
Export as new Build Order

Nanami Protoss - Winner!

Build Orders: 1 Gate Expand, Blink Stalkers 

Get SALT Encoding   

  12  0:00  Probe  
  13  0:12  Probe  
  14  0:17  Pylon  
  14  0:24  Probe (Chrono Boost)  
  15  0:36  Gateway  
  15  0:37  Probe (Chrono Boost)  
  16  0:43  Probe (Chrono Boost)  
  16  0:45  Assimilator  
  17  0:51  Probe  
  18  1:03  Probe  
  19  1:15  Probe  
  20  1:23  Cybernetics Core  
  20  1:30  Nexus  
  20  1:34  Probe  
  21  1:41  Pylon  
  22  1:48  Assimilator  
  22  1:49  Probe  
  22  1:56  Adept (Chrono Boost)  
  22  2:01  Probe  
  25  2:02  Warp Gate  
  25  2:13  Probe  
  26  2:18  Twilight Council  
  25  2:23  Stalker (Chrono Boost)  
  25  2:25  Probe  
  28  2:40  Probe (Chrono Boost)  
  28  2:42  Probe (Chrono Boost)  
  32  2:51  Probe (Chrono Boost)  
  32  2:53  Probe (Chrono Boost)  
  32  2:55  Shield Battery  
  32  2:56  Probe (Chrono Boost)  
  32  3:01  Probe  
  34  3:06  Blink (Chrono Boost)  
  34  3:08  Probe  
  33  3:13  Probe  
  33  3:17  Robotics Facility  
  34  3:21  Gateway  
  34  3:22  Probe  
  34  3:26  Probe  
  36  3:35  Probe  
  36  3:39  Probe  
  38  3:51  Sentry, Probe  
  38  3:52  Probe  
  38  3:53  Nexus  
  38  3:55  Pylon  
  41  4:01  Phoenix  
  40  4:03  Probe  
  40  4:04  Observer, Probe  
  43  4:15  Stalker, Probe  
  43  4:16  Probe, Pylon, Stalker  
  49  4:24  Assimilator  
  49  4:26  Observer  
  49  4:27  Probe  
  49  4:30  Probe  
  52  4:36  Gateway  
  52  4:38  Gateway, Pylon  
  52  4:39  Probe  
  52  4:41  Stalker  
  52  4:43  Probe  
  56  4:48  Stalker  
  58  4:57  Immortal (Chrono Boost)  
  61  5:02  Shield Battery  
  61  5:05  Stalker  
  60  5:10  Probe  
  60  5:11  Probe  
  60  5:13  Stalker  
  62  5:19  Probe  
  63  5:23  Probe  
  63  5:24  Probe  
  65  5:30  Stalker  
  65  5:31  Probe  
  65  5:32  Stalker  
  70  5:35  Probe  
  70  5:41  Stalker  
  70  5:42  Probe (Chrono Boost), Stalker  
  76  5:48  Probe (Chrono Boost)  
  76  5:51  Probe (Chrono Boost)  
  76  5:54  Probe (Chrono Boost)  
  75  5:58  Probe (Chrono Boost)  
  75  6:01  Probe (Chrono Boost)  
  75  6:02  Shield Battery  
  75  6:03  Probe (Chrono Boost)  
  75  6:05  Probe (Chrono Boost)  
  78  6:14  Probe (Chrono Boost)  
  78  6:16  Gateway, Probe (Chrono Boost)  
  79  6:18  Shield Battery  
  79  6:19  Observer  
  79  6:21  Probe (Chrono Boost)  
  79  6:24  Probe (Chrono Boost)  
  82  6:27  Stalker  
  82  6:31  Pylon  
  82  6:42  Probe x2  
  82  6:45  Pylon  
  84  6:48  Pylon  
  84  6:51  Stalker x3  
  84  6:52  Stalker  
  84  6:54  Probe (Chrono Boost), Pylon  
Show
View Real Time Build Order
Export as new Build Order

XYXY Terran 

Build Orders: Cyclone Opening, Gas First Reaper Expand 

Get SALT Encoding   

  12  0:00  SCV  
  13  0:12  SCV  
  14  0:17  Supply Depot  
  14  0:24  SCV  
  14  0:27  Refinery  
  15  0:38  SCV  
  16  0:43  Barracks  
  16  0:50  SCV  
  17  1:02  SCV  
  18  1:14  SCV  
  19  1:30  Orbital Command, Reaper  
  20  1:41  Command Center  
  20  1:51  Factory  
  20  1:56  SCV  
  20  2:01  Refinery  
  21  2:05  Barracks Reactor  
  21  2:08  SCV  
  22  2:13  Supply Depot  
  22  2:20  SCV  
  23  2:34  SCV  
  23  2:35  Cyclone  
  26  2:41  Marine  
  26  2:42  Marine  
  28  2:47  SCV  
  28  2:50  Starport  
  29  2:59  Marine, SCV  
  29  3:02  Marine  
  29  3:08  Factory Tech Lab  
  29  3:11  SCV  
  29  3:14  Orbital Command  
  29  3:23  Marine x2, SCV  
  32  3:33  Banshee  
  35  3:35  SCV  
  35  3:38  Cloaking Field  
  36  3:45  SCV  
  36  3:47  SCV, Marine  
  39  3:49  Marine  
  39  3:50  Factory Tech Lab  
  40  3:58  SCV  
  40  3:59  SCV  
  42  4:04  Supply Depot  
  42  4:10  SCV  
  42  4:11  SCV  
  42  4:15  Supply Depot  
  44  4:22  SCV  
  44  4:23  SCV  
  46  4:25  Banshee  
  46  4:26  Siege Tank  
  46  4:27  Marine x2  
  54  4:37  Supply Depot, SCV x2  
  56  4:41  Supply Depot  
  56  4:45  Marine x2  
  58  4:49  SCV  
  60  4:52  SCV  
  60  4:55  Supply Depot  
  60  4:59  Siege Tank  
  63  5:01  SCV  
  63  5:04  Marine  
  65  5:11  Marine  
  65  5:12  Banshee  
  69  5:17  Supply Depot  
  69  5:18  SCV  
  70  5:21  Barracks  
  70  5:22  Barracks  
  70  5:24  SCV  
  70  5:26  Engineering Bay  
  71  5:30  SCV  
  71  5:33  Refinery  
  72  5:41  SCV  
  72  5:42  Siege Tank, Marine x2  
  70  5:48  SCV  
  68  5:53  SCV  
  64  5:59  Refinery  
  64  6:00  Marine x2, SCV  
  64  6:06  SCV  
  62  6:12  SCV  
  62  6:14  Siege Tank  
  62  6:18  Marine x2  
  66  6:20  SCV  
  66  6:24  SCV  
  63  6:29  Starport Reactor  
  63  6:31  Barracks Tech Lab  
  63  6:32  SCV  
  58  6:34  Marauder  
  58  6:36  SCV, Marine x2  
  59  6:44  SCV  
  56  6:48  SCV  
Tags
 
Add a new tag
Caveats
  • Supply blocks, unpowered buildings, or Contaminate may cause inaccurate times.
  • Supply counts are checked every 10 seconds.